 Dungeon Crawl Stone Soup version 0.28.0-45-g0d030f2227 (webtiles) character file.

Game seed: 7475393465700819696

242 sking99 the Chiller (level 6, -1/41 HPs)
             Began as an Octopode Ice Elementalist on May 18, 2022.
             Killed from afar by an orc wizard (10 damage)
             ... with a puff of flame
             ... on level 3 of the Dungeon.
             The game lasted 00:08:26 (3785 turns).

sking99 the Chiller (Octopode Ice Elementalist)     Turns: 3785, Time: 00:08:27

Health: -1/41      AC:  1    Str:  7    XL:     6   Next: 9%
Magic:  1/9        EV: 13    Int: 20    God:
Gold:   174        SH:  0    Dex: 12    Spells: 5/10 levels left

rFire   . . .      SeeInvis .   g - +0 short sword
rCold   . . .      Faith    .   (no shield)
rNeg    . . .      Spirit   .   (helmet restricted)
rPois   .          Reflect  .   (no amulet)
rElec   .          Harm     .   d - ring of wizardry
rCorr   .          Rampage  .   (no ring)
Will    .....                   (no ring)
Stlth   +++.......              (no ring)
HPRegen 0.13/turn               (no ring)
MPRegen 0.11/turn               (no ring)
                                (no ring)
                                (no ring)

@: no status effects
A: almost no armour, amphibious, 8 rings, camouflage 1, gelatinous body 1,
(nimble swimmer 1), tentacles
a: no special abilities


You were on level 3 of the Dungeon.
You visited 1 branch of the dungeon, and saw 3 of its levels.

You collected 174 gold pieces.

Inventory:

Hand Weapons
 g - a +0 short sword (weapon)
Armour
 e - a +0 kite shield
Jewellery
 d - a ring of wizardry (left tentacle)
 m - a ring of see invisible
Scrolls
 a - a scroll of amnesia {unknown}
 b - 2 scrolls of blinking {unknown}
 c - 2 scrolls of fear {unknown}
 f - 2 scrolls of noise {unknown}
 i - 2 scrolls of identify {unknown}
Potions
 h - a potion of brilliance {unknown}
 j - 2 potions of mutation {unknown}
 k - a potion of degeneration {unknown}
 l - a potion of flight {unknown}


   Skills:
 + Level 2.7 Fighting
 + Level 2.1 Dodging
 - Level 3.5 Stealth
 + Level 0.4 Shields
 - Level 2.5 Spellcasting
 - Level 2.0 Conjurations
 - Level 2.0 Fire Magic
 + Level 4.8 Ice Magic


You had 5 spell levels left.
You knew the following spells:

 Your Spells              Type           Power      Damage    Failure   Level
a - Freeze                Ice            84%        1d10      1%          1
b - Foxfire               Conj/Fire      40%        2x1d6     2%          1
c - Frozen Ramparts       Ice            42%        1d6       2%          3

Your spell library contained the following spells:

 Spells                   Type           Power      Damage    Failure   Level
 Ozocubu's Armour         Ice            21%        N/A       2%          3
 Ensorcelled Hibernation  Hex/Ice        24%        N/A       3%          2
 Passwall                 Tmut/Erth      1%         N/A       9%          2
 Conjure Flame            Conj/Fire      10%        6-21      9%          3
 Inner Flame              Hex/Fire       6%         N/A       12%         3
 Hailstorm                Conj/Ice       16%        3d6       16%         4
 Swiftness                Air            2%         N/A       17%         3
 Flame Wave               Conj/Fire      10%        2d5       26%         4


Dungeon Overview and Level Annotations

Branches:
Dungeon (3/15)

Altars:
Kikubaaqudgha
Ru
Wu Jian

Shops:
D:1 [


Innate Abilities, Weirdness & Mutations

You cannot wear most types of armour.
You are amphibious.
You can wear up to eight rings at the same time.
Your skin changes colour to match your surroundings (Stealth+).
Your rubbery body absorbs attacks. (AC +1, EV +1)
((You are camouflaged when in or above water. (Stealth+)))
You have tentacles for arms and can constrict up to eight enemies at once.


Message History

Aiming: Freeze (safe; 1% risk of failure)
Press: ? - help, Shift-Dir - straight line, f/p - orc wizard
Aim: an orc wizard, wielding a +0 dagger and wearing a +0 robe (severely wounded)
You freeze the orc wizard.
The orc wizard is almost dead.
The orc wizard hits you with a +0 dagger.
The orc hits you with a +0 short sword.
Casting: Freeze (safe; 1% risk of failure)
Confirm with . or Enter, or press ? or * to list all spells.
Aiming: Freeze (safe; 1% risk of failure)
Press: ? - help, Shift-Dir - straight line, f/p - orc wizard
Aim: an orc wizard, wielding a +0 dagger and wearing a +0 robe (almost dead)
You freeze the orc wizard.
You kill the orc wizard!
You have reached level 6!
Casting: Freeze (safe; 1% risk of failure)
Confirm with . or Enter, or press ? or * to list all spells.
You don't have enough magic to cast this spell.
Unknown command.
Casting: Freeze (safe; 1% risk of failure)
Confirm with . or Enter, or press ? or * to list all spells.
You don't have enough magic to cast this spell.
Unknown command.
You closely miss the orc. You grab the orc.
The orc is heavily wounded.
You constrict the orc. The orc hits you with a +0 short sword.
You hit the orc but do no damage. You squeeze the orc.
You kill the orc!
The orc wizard mumbles some strange words.
The orc wizard flickers and vanishes!
Deactivating autopickup; reactivate with Ctrl-A.
You hit something. Your squeeze misses something. Something hits you.
* * * LOW HITPOINT WARNING * * *
Something hits you.
* * * LOW HITPOINT WARNING * * *
You closely miss something. Something hits you.
* * * LOW HITPOINT WARNING * * *
A puff of flame appears from out of thin air!
The puff of flame hits you!
You die...

#........ .. .###
#######).###.## ..#....
........)###.### ...#.##
########.......######.#.#....
#.###.#.............#
########.# #.#..###### ...#
#........# #.#..# ###.#.####
#.######## #.#..###
#..)...... #.####
#....@.###......... #....#
##...#..{........## #..#.#
#..######......... ##...#
#.J# #......... ##.## #..#
###....... #.# #..# ##...##
#.# #..# ...# #.# #..# #.##
#.# #..######## #.# .#


You could see an endoplasm (wandering).

Vanquished Creatures
  2 orc priests (D:3)
  A hound (D:3)
  2 orc wizards (D:3)
  3 adders
  An adder skeleton (D:2)
  A worm (D:3)
  2 dart slugs (D:2)
  5 orcs (D:3)
  7 endoplasms
  A giant cockroach (D:1)
  5 goblins
  3 hobgoblins
  6 jackals
  A quokka (D:3)
  5 ball pythons
  8 bats
  5 frilled lizards
  7 kobolds (D:2)
  3 rats (D:1)
68 creatures vanquished.

Vanquished Creatures (others)
  9 foxfires (D:3)
9 creatures vanquished.

Grand Total: 77 creatures vanquished

Notes
Turn   | Place    | Note
-------+----------+-------------------------------------------
     0 | D:1      | sking99 the Octopode Ice Elementalist began the quest for
                  | the Orb.
     0 | D:1      | Reached XP level 1. HP: 11/11 MP: 3/3
   199 | D:1      | Found Vimpiech's Antique Armour Shoppe.
   212 | D:1      | Reached XP level 2. HP: 14/18 MP: 1/5
   507 | D:1      | Found a faded altar of an unknown god.
  1321 | D:2      | Reached XP level 3. HP: 21/22 MP: 3/6
  1353 | D:2      | Learned a level 3 spell: Frozen Ramparts
  1443 | D:2      | Reached skill level 1 in Fighting
  2088 | D:2      | Reached XP level 4. HP: 28/28 MP: 4/7
  2118 | D:2      | Learned a level 1 spell: Foxfire
  2527 | D:3      | Found an ancient bone altar of Kikubaaqudgha.
  3134 | D:3      | Reached skill level 1 in Conjurations
  3134 | D:3      | Reached skill level 1 in Fire Magic
  3134 | D:3      | Reached XP level 5. HP: 27/34 MP: 3/8
  3231 | D:3      | Found an ornate altar of the Wu Jian Council.
  3233 | D:3      | Found a sacrificial altar of Ru.
  3776 | D:3      | Reached XP level 6. HP: 19/41 MP: 0/9
  3785 | D:3      | Killed from afar by an orc wizard

Illustrated notes

Levels and vault maps discovered:
D:1:      psy_arrival_dodecagon, layout_loops_ring, serial_shops,
          nicolae_shop_statue_plus, ebering_ecumenical_altar_rust
D:2:      layout_loops_corners, kennysheep_minor_cross, minmay_3d_cube
D:3:      layout_loops_ring, jmf_multi_god_temple, mainiacjoe_overflow_24_doors

Skill      XL: |  1  2  3  4  5 |
---------------+----------------+-----
Stealth        | 3 |  3.5
Fighting       | 1 2 |  2.7
Conjurations   | 1 2 |  2.0
Fire Magic     | 1 2 |  2.0
Dodging        | |  2.1
Shields        | |  0.4
Spellcasting   | |  2.5
Ice Magic      | |  4.8

Action                   |  1- 3 |  4- 6 || total
-------------------------+-------+-------++-------
Melee: Unarmed           |    21 |       ||    21
       Constrict         |     5 |     4 ||     9
       Tentacles         |     3 |     1 ||     4
       Punch             |     1 |       ||     1
       Short sword       |     1 |    12 ||    13
 Cast: Freeze            |    47 |    37 ||    84
       Frozen Ramparts   |     1 |     6 ||     7
       Foxfire           |       |     8 ||     8
 Stab: Sleeping          |     1 |     2 ||     3
Armor: Skin              |     4 |     2 ||     6
Dodge: Dodged            |    42 |    23 ||    65
